 Dungeon Crawl Stone Soup version 0.26.0-15-gc6cd9f700b (webtiles) character file.

Game seed: 14994406838638662142

79 lastplaneout the Cutter (level 4, -1/23 HPs)
             Began as a Spriggan Abyssal Knight on Jan 17, 2021.
             Was a Believer of Lugonu.
             Slain by a white imp (2 damage)
             ... on level 3 of the Dungeon.
             The game lasted 00:05:42 (3791 turns).

lastplaneout the Cutter (Spriggan Abyssal Knight)   Turns: 3791, Time: 00:05:43

Health: -1/23      AC:  2    Str:  9    XL:     4   Next: 16%
Magic:  6/6        EV: 18    Int: 13    God:    Lugonu [**....]
Gold:   51         SH:  0    Dex: 15    Spells: 3/3 levels left

rFire    . . .     SeeInvis +   a - +1 short sword
rCold    . . .     Faith    .   (shield restricted)
rNeg     . . .     Spirit   .   b - +0 robe
rPois    +         Reflect  .   (helmet restricted)
rElec    .         Harm     .   (no cloak)
rCorr    .         Rampage  .   (gloves unavailable)
Will     .....                  (boots unavailable)
Stlth    +.........             (no amulet)
HPRegen  0.07/turn              n - ring of poison resistance
MPRegen  0.10/turn              (no ring)

@: very quick
A: very small, unfitting armour, see invisible, speed 3
a: Renounce Religion, Depart the Abyss, Bend Space


You were on level 3 of the Dungeon.
You worshipped Lugonu.
Lugonu was pleased with you.
You visited 1 branch of the dungeon, and saw 3 of its levels.
You visited the Abyss 1 time.

You collected 51 gold pieces.

Inventory:

Hand Weapons
 a - a +1 short sword (weapon)
Armour
 b - a +0 robe (worn)
Jewellery
 n - a ring of poison resistance (left hand)
Wands
 p - a wand of acid (7)
Scrolls
 e - a scroll of remove curse {unknown}
 f - 3 scrolls of identify {unknown}
 i - 3 scrolls of enchant weapon {unknown}
 j - 2 scrolls of teleportation {unknown}
 k - 2 scrolls of amnesia {unknown}
 o - a scroll of noise {unknown}
 r - a scroll of magic mapping {unknown}
Potions
 c - 3 potions of brilliance {unknown}
 d - 2 potions of haste {unknown}
 g - 2 potions of curing {unknown}
 h - 2 potions of lignification {unknown}
 l - a potion of resistance {unknown}
 m - a potion of mutation {unknown}
 q - a potion of flight {unknown}


   Skills:
 - Level 2.4 Fighting
 + Level 4.9 Short Blades
 - Level 3.5 Dodging
 - Level 1.7 Invocations


You had 3 spell levels left.
You didn't know any spells.
Your spell library was empty.

Dungeon Overview and Level Annotations

Branches:
Dungeon (3/15)

Altars:
The Shining One

Annotations:
D:3 1 runed translucent door


Innate Abilities, Weirdness & Mutations

You are very small and have problems with some larger weapons.
You are too small for most types of armour.
You have supernaturally acute eyesight. (SInv)
You cover ground extremely quickly.


Message History

The puff of frost hits you.
* * * LOW HITPOINT WARNING * * *
You hit the white imp.
The white imp is almost dead.
A white imp is nearby!
You closely miss the white imp.
The white imp is almost dead.
The white imp misses you.
You hit the white imp.
The white imp is almost dead.
The white imp barely misses you.
You barely miss the white imp.
The white imp is almost dead.
The white imp hits you but does no damage.
You barely miss the white imp.
The white imp is almost dead.
The white imp hits you.
* * * LOW HITPOINT WARNING * * *
The white imp freezes you.
You die...

...# ... ..##### ###
..#... ..# ###.#.# ..#
##### #..)..# ..# #...#
#.#(..#
..#####...####..@5.#...
..'...'.................
..#####...#####.##.#....
..# #.#####......# ...
### #.................
..# #.).....(....####
..# #............# ..#
#............# ..#
#............#


You could see a white imp.

Vanquished Creatures
  An ooze (D:3)
  5 worms
  A dart slug (D:3)
  A leopard gecko (D:2)
  4 bats
  2 giant cockroaches (D:2)
  8 goblins
  3 hobgoblins
  6 jackals (D:1)
  8 kobolds
  4 quokkas
  A ball python (D:3)
  8 frilled lizards
  4 rats
56 creatures vanquished.

Notes
Turn   | Place    | Note
-------+----------+-------------------------------------------
     0 | Abyss:1  | lastplaneout the Spriggan Abyssal Knight began the quest
                  | for the Orb.
     0 | Abyss:1  | Reached XP level 1. HP: 11/11 MP: 3/3
    23 | D:1      | Escaped the Abyss
   568 | D:1      | Reached skill level 3 in Short Blades
   568 | D:1      | Reached XP level 2. HP: 16/16 MP: 4/4
  1876 | D:2      | Reached XP level 3. HP: 19/19 MP: 5/5
  1934 | D:2      | Reached skill level 4 in Short Blades
  2036 | D:2      | Reached ** piety under Lugonu
  3416 | D:3      | Reached XP level 4. HP: 20/23 MP: 6/6
  3610 | D:3      | Found a glowing golden altar of the Shining One.
  3610 | D:3      | Found a runed translucent door.
  3610 | D:3      | Noticed an angel
  3791 | D:3      | HP: 1/23 [white imp (2)]
  3791 | D:3      | Slain by a white imp

Illustrated notes

Levels and vault maps discovered:
D:1:      saegor_arrival_simple_e, layout_loops_corners
D:2:      layout_loops_corners
D:3:      layout_basic, serial_corexii_hall, corexii_hall_statues_i,
          chequers_hall_statues_wall_a, corexii_hall_statues_deadend,
          lemuel_angel_altar

Skill      XL: |  1  2  3 |
---------------+----------+-----
Short Blades   | 3 4 |  4.9
Fighting       | |  2.4
Dodging        | |  3.5
Invocations    | |  1.7

Action                   |  1- 3 |  4- 6 || total
-------------------------+-------+-------++-------
Melee: Short sword       |   187 |    28 ||   215
 Stab: Sleeping          |     1 |       ||     1
Armor: Robe              |    12 |     2 ||    14
Dodge: Dodged            |   108 |    25 ||   133
